 Seeded DCSS version 0.31-a0-4-gefa6de2278 (webtiles) character file.

Game seed: 3425090202442293766 (custom seed)

6311 Ihaveafatcat the Cleaver (level 10, -6/84 (91) HPs)
             Began as a Hill Orc Fighter on Apr 29, 2023.
             Mangled by a spectral orc knight
             ... wielding a +0 glaive
             ... summoned by Nergalle
              (8 damage)
             ... on level 10 of the Dungeon on May 4, 2023.
             The game lasted 00:17:47 (8222 turns).

Ihaveafatcat the Cleaver (Hill Orc Fighter)         Turns: 8222, Time: 00:17:48

HP:   -6/84 (91)    AC:  5    Str: 24    XL:     10   Next: 95%
MP:   10/10         EV: 10    Int:  8    God:
Gold: 436           SH: 11    Dex: 14    Spells: 9/9 levels left

rFire   . . .        e - +4 broad axe (vamp)
rCold   . . .        c - +0 buckler
rNeg    + . .        b - +0 scale mail
rPois   +            (no helmet)
rElec   +            (no cloak)
rCorr   +            (no gloves)
SInv    +            (no boots)
Will    .....        i - amulet of the Oligarchy {Reflect Harm Dex+4 SH+5} Stlth
                     f - ring of see invisible
HPRegen 0.34/turn    z - ring "Gafeyb" {rElec rPois rN+ rCorr}
MPRegen 0.12/turn

%: harm (+30% outgoing, +20% incoming), reflection
@: drained
A: deformed body, mutation resistance 1, MP-powered wands
a: no special abilities


You were on level 10 of the Dungeon.
You visited 1 branch of the dungeon, and saw 10 of its levels.
You also visited: Sewer.

You collected 492 gold pieces.
You spent 56 gold pieces at shops.

Inventory:

Hand Weapons
 a - a +0 war axe
 e - a +4 vampiric broad axe (weapon)
Armour
 b - a +0 scale mail (worn)
 c - a +0 buckler (worn)
Jewellery
 f - a ring of see invisible (left hand)
 i - the amulet of the Oligarchy (around neck) {Reflect Harm Dex+4 SH+5}
   (You acquired it on level 1 of the Dungeon)

   [amulet of reflection]

   It reflects blocked missile attacks.
   Dex:       It affects your dexterity (+4).
   SH:        It affects your SH (+5).
   Harm:      It increases damage dealt and taken.
 m - an amulet of guardian spirit
 z - the ring "Gafeyb" (right hand) {rElec rPois rN+ rCorr}
   (You found it on level 4 of the Dungeon)

   [ring of poison resistance]

   rElec:     It insulates you from electricity.
   rPois:     It protects you from poison.
   rN:        It protects you from negative energy.
   rCorr:     It protects you from acid and corrosion.
 F - a +6 ring of dexterity
Wands
 y - a wand of iceblast (7)
 C - a wand of flame (8)
 G - a wand of charming (9)
Scrolls
 g - a scroll of blinking
 h - a scroll of noise
 j - a scroll of magic mapping
 k - a scroll of enchant armour
 p - 3 scrolls of immolation
 r - 5 scrolls of teleportation
 t - a scroll of enchant weapon
 A - a scroll of vulnerability
 D - 2 scrolls of amnesia
 I - 3 scrolls of identify
 J - a scroll of acquirement
Potions
 d - 2 potions of might
 l - 2 potions of degeneration
 n - 2 potions of resistance
 o - a potion of haste
 q - 6 potions of curing
 s - 5 potions of flight
 u - a potion of ambrosia
 v - 2 potions of attraction
 x - 2 potions of invisibility
 B - 4 potions of heal wounds
 E - 2 potions of lignification
 H - a potion of cancellation


   Skills:
 + Level 9.5 Fighting
 * Level 13.4 Axes
 + Level 8.8 Armour
 - Level 0.2 Dodging
 + Level 8.4 Shields


You had 9 spell levels left.
You didn't know any spells.
Your spell library contained the following spells:

 Spells                   Type           Power      Damage    Failure   Level
 Blink                    Tloc           0%         N/A       85%         2
 Cigotuvi's Dreadful Rot  Necr/Pois/Air  0%         N/A       85%         2
 Ensorcelled Hibernation  Hex/Ice        0%         N/A       85%         2
 Passwall                 Tmut/Erth      0%         N/A       85%         2
 Sublimation of Blood     Necr           0%         N/A       85%         2
 Wereblood                Tmut           0%         N/A       85%         2
 Ignite Poison            Fire/Tmut/Pois 0%         N/A       97%         3
 Stone Arrow              Conj/Erth      0%         3d7       97%         3
 Swiftness                Air            0%         N/A       97%         3
 Animate Armour           Summ/Erth      0%         N/A       100%        4
 Manifold Assault         Tloc           0%         N/A       100%        4
 Petrify                  Tmut/Erth      0%         N/A       100%        4
 Freezing Cloud           Conj/Ice/Air   0%         6-21      100%        5
 Irradiate                Conj/Tmut      0%         3d11      100%        5
 Storm Form               Tmut/Air       0%         N/A       100%        7
 Summon Hydra             Summ           0%         N/A       100%        7
 Lehudib's Crystal Spear  Conj/Erth      0%         10d2      100%        8


Dungeon Overview and Level Annotations

Branches:
Dungeon (10/15)            Temple (0/1) D:5           Sewer (visited)
   Lair: D:8-11         Orc: D:9-12

Altars:
Elyvilon
Okawaru
Qazlal
Trog
Uskayaw
Wu Jian
Yredelemnul
Zin
The Shining One

Shops:
D:2 *?   D:7 =

Annotations:
D:10 Nergalle


Innate Abilities, Weirdness & Mutations

Armour fits poorly on your strangely shaped body.
You are somewhat resistant to further mutation.
You expend magic power (3 MP) to strengthen your wands.


Message History

You slash the spectral orc warrior!
You destroy the spectral orc warrior!
The spectral orc warrior disappears in a puff of smoke!
The spectral orc knight hits you from afar with a +0 glaive.
Nergalle points at you and mumbles some strange words.
Orcish apparitions take form around you.
The bullfrog hits you but does no damage.
You hit Nergalle but do no damage. You slash the bullfrog!
Nergalle casts a spell at you.
Orcish apparitions take form around you.
The spectral orc knight hits you from afar with a +0 glaive!!
The bullfrog hits you! The wight barely misses you.
Nergalle hits you but does no damage.
You block the spectral orc knight's attack.
There are monsters nearby!
There are monsters nearby!
You are too injured to fight recklessly!
You closely miss Nergalle. You hit the wight.
You slash the spectral orc warrior! You hit the spectral orc warrior.
You hit the bullfrog.
You feel better. The bullfrog hits you. Nergalle hits you with a +0 dagger!
You block the bullfrog's attack.
The wight hits you from afar with a +0 halberd!
* * * LOW HITPOINT WARNING * * *
You partially resist.
You feel drained.
The wight hits you with a +0 long sword!
* * * LOW HITPOINT WARNING * * *
You partially resist.
You feel drained.
* * * LOW HITPOINT WARNING * * *
The spectral orc warrior hits you with a +0 short sword.
* * * LOW HITPOINT WARNING * * *
You partially resist.
You feel drained.
* * * LOW HITPOINT WARNING * * *
The spectral orc warrior hits you with a +0 hand axe.
* * * LOW HITPOINT WARNING * * *
You partially resist.
You feel drained.
Blink to where?
Press: ? - help, Q - select action, (/) - cycle Dir - move target
As you read the scroll of blinking, it crumbles to dust.
The spectral orc knight hits you from afar with a +0 glaive!
You die...

#.......PP..P
#.......P..PP
###.......P...P
........Z..P.P.
#...$z)z...#
#...)Zo..)#
#...)Z..F.#
#.>.......#
#......Z.@#
#.........#
#.........#
#.........#
#.........#
#.........#
#.........#
#.........#
#....>....#


You could see Nergalle (fast), 3 spectral orc warriors, a spectral orc knight
(summoned), a bullfrog and 2 wights.

Vanquished Creatures
  A troll (D:8)
  Sigmund (D:3)
  A vampire (D:9)
  8 yaks (D:9)
  4 steam dragons
  The ghost of oldplebian the Chiller, an amateur DgIE (D:3)
  5 water moccasins
  A black bear (D:10)
  3 orc warriors
  2 sky beasts
  A centaur (D:5)
  4 ogres
  3 phantoms (D:5)
  5 kobold brigands
  3 bullfrogs
  4 scorpions
  A gnoll sergeant (D:10)
  5 wights (D:8)
  3 killer bees (D:7)
  A howler monkey (D:5)
  A hound (D:7)
  A jelly (D:6)
  4 orc priests
  2 gnoll boudas
  Ijyb (D:3)
  Natasha (thrice) (D:3)
  A sleepcap (D:7)
  8 orc wizards
  16 gnolls
  4 river rats
  13 adders
  A shadow imp (D:3)
  4 worms
  3 dart slugs
  36 orcs
  10 ball pythons
  6 bats
  7 endoplasms
  4 giant cockroaches
  6 goblins
  15 hobgoblins
  6 jackals
  23 kobolds
  6 quokkas
  10 frilled lizards
  13 rats
261 creatures vanquished.

Vanquished Creatures (others)
  5 fungi (D:10)
  3 plants
8 creatures vanquished.

Grand Total: 269 creatures vanquished

Notes
Turn   | Place    | Note
-------+----------+-------------------------------------------
     0 | D:1      | Ihaveafatcat the Hill Orc Fighter began the quest for the
                  | Orb.
     0 | D:1      | Reached XP level 1. HP: 19/19 MP: 1/1
     7 | D:1      | Identified a scroll of acquirement
     7 | D:1      | Acquired a +4 vampiric broad axe
   118 | D:1      | Reached XP level 2. HP: 24/27 MP: 2/2
   120 | D:1      | Reached skill level 3 in Axes
   489 | D:1      | Found a faded altar of an unknown god.
   563 | D:1      | Reached XP level 3. HP: 33/33 MP: 3/3
   588 | D:1      | Upgraded the game from 0.30-a0-1163-gf69bf04e7a to
                  | 0.31-a0-1-g4198be8af4
   588 | D:1      | Upgraded the game from 0.31-a0-1-g4198be8af4 to
                  | 0.31-a0-4-gefa6de2278
   588 | D:1      | Acquired the amulet of the Oligarchy {Reflect Harm Dex+4
                  | SH+5}
   619 | D:2      | Found Acryupse's Magic Scroll Emporium.
   626 | D:2      | Found Ifri's Assorted Antiques.
   640 | D:2      | Bought a scroll of identify for 28 gold pieces
   640 | D:2      | Bought a scroll of identify for 28 gold pieces
   970 | D:2      | Reached XP level 4. HP: 40/40 MP: 4/4
  1393 | D:3      | Reached skill level 4 in Axes
  1416 | D:3      | Found a runed translucent door.
  1604 | D:3      | Noticed Natasha
  1612 | D:3      | Killed Natasha
  1614 | D:3      | Reached XP level 5. HP: 40/47 MP: 5/5
  1639 | D:3      | Noticed Natasha
  1644 | D:3      | Killed Natasha
  1646 | D:3      | Noticed Natasha
  1655 | D:3      | Killed Natasha
  1656 | D:3      | Reached skill level 5 in Axes
  1803 | D:3      | Noticed Sigmund
  1823 | D:3      | Killed Sigmund
  1824 | D:3      | Reached skill level 5 in Fighting
  1824 | D:3      | Reached XP level 6. HP: 8/56 MP: 6/6
  2135 | D:3      | Noticed oldplebian's ghost (amateur DgIE)
  2187 | D:3      | Killed oldplebian's ghost
  2188 | D:3      | Reached skill level 6 in Axes
  2188 | D:3      | Reached skill level 5 in Armour
  2188 | D:3      | Reached XP level 7. HP: 21/61 MP: 7/7
  2357 | D:3      | Noticed Ijyb
  2363 | D:3      | Killed Ijyb
  2471 | D:4      | Reached skill level 7 in Axes
  2503 | D:4      | Identified the +1 pair of gloves of Pessimism {Drain rElec
                  | rN+ Int+4}
  2504 | D:4      | Identified the ring "Gafeyb" {rElec rPois rN+ rCorr}
  2531 | D:4      | Found a glowing golden altar of the Shining One.
  2763 | D:4      | Found a basalt altar of Yredelemnul.
  2764 | D:4      | Found an ornate altar of the Wu Jian Council.
  2765 | D:4      | Found a white marble altar of Elyvilon.
  3540 | D:5      | Entered Level 5 of the Dungeon
  3562 | D:5      | Reached skill level 5 in Shields
  3624 | D:5      | Reached XP level 8. HP: 70/70 MP: 8/8
  3661 | D:5      | Reached skill level 8 in Axes
  3797 | D:5      | Found an iron altar of Okawaru.
  3849 | D:5      | Reached skill level 9 in Axes
  3855 | D:5      | Found a staircase to the Ecumenical Temple.
  4104 | D:6      | Found a glowing silver altar of Zin.
  4289 | D:6      | Found a glowing drain.
  4301 | Sewer    | Entered a sewer
  4603 | Sewer    | Reached XP level 9. HP: 79/79 MP: 9/9
  4789 | D:6      | Found a bloodstained altar of Trog.
  5243 | D:6      | Reached skill level 10 in Axes
  5516 | D:7      | Found Jimos's Jewellery Emporium.
  5687 | D:7      | Identified the +1 pair of boots of Pleasant Breezes
                  | {+Blink}
  6082 | D:8      | Reached skill level 11 in Axes
  6543 | D:8      | Noticed a troll
  6552 | D:8      | Killed a troll
  6553 | D:8      | Reached XP level 10. HP: 70/90 MP: 10/10
  6640 | D:8      | Reached skill level 12 in Axes
  7076 | D:8      | Found a hide-covered altar of Uskayaw.
  7389 | D:9      | Found a stormy altar of Qazlal.
  7502 | D:9      | Reached skill level 13 in Axes
  8052 | D:9      | Gained mutation: You have a pair of small horns on your
                  | head. [potion of mutation]
  8052 | D:9      | Gained mutation: You are resistant to electric shocks.
                  | (rElec) [potion of mutation]
  8156 | D:9      | Lost mutation: You have a pair of small horns on your head.
                  | [potion of mutation]
  8156 | D:9      | Lost mutation: You are resistant to electric shocks.
                  | (rElec) [potion of mutation]
  8156 | D:9      | Gained mutation: You have a pair of small horns on your
                  | head. [potion of mutation]
  8156 | D:9      | Gained mutation: Your mind is acute. (Int +4, Str/Dex -1)
                  | [potion of mutation]
  8157 | D:9      | Lost mutation: You have a pair of small horns on your head.
                  | [potion of mutation]
  8157 | D:9      | Lost mutation: Your mind is acute. (Int +4, Str/Dex -1)
                  | [potion of mutation]
  8157 | D:9      | Gained mutation: You are frail. (-10% HP) [potion of
                  | mutation]
  8157 | D:9      | Gained mutation: Your system is resistant to poisons.
                  | (rPois) [potion of mutation]
  8158 | D:9      | Lost mutation: You are frail. (-10% HP) [potion of
                  | mutation]
  8158 | D:9      | Lost mutation: Your system is resistant to poisons. (rPois)
                  | [potion of mutation]
  8158 | D:9      | Gained mutation: Armour fits poorly on your strangely
                  | shaped body. [potion of mutation]
  8158 | D:9      | Gained mutation: You are somewhat resistant to further
                  | mutation. [potion of mutation]
  8158 | D:9      | Gained mutation: You expend magic power (3 MP) to
                  | strengthen your wands. [potion of mutation]
  8188 | D:10     | Entered Level 10 of the Dungeon
  8210 | D:10     | Noticed Nergalle
  8220 | D:10     | HP: 4/87 [spectral orc warrior/+0 short sword[Nergalle]
                  | (6)]
  8220 | D:10     | HP: 1/86 [spectral orc warrior/+0 hand axe[Nergalle] (2)]
  8222 | D:10     | Mangled by a spectral orc knight

Illustrated notes

Levels and vault maps discovered:
D:1:      minmay_arrival_loop, layout_basic, ebering_ecumenical_altar_webs,
          moated_statue, minmay_tetromino_s2
D:2:      minmay_angry_zag, layout_basic, serial_shops, shop_statue,
          nicolae_shop_overgrown_old_shop
D:3:      corexii_shack_village, layout_rooms, ebering_ghost_reflecting_pool,
          kennysheep_generic_room_13, uniq_ijyb, uniq_sigmund, uniq_natasha
D:4:      layout_layer_cave, nicolae_overflow_hidden_temple, tso_metal_star,
          chequers_serial_rivers_large_a
D:5:      layout_rooms, nicolae_overflow_crystal_walls,
          minmay_temple_entry_arrows
D:6:      layout_gridville, kennysheep_mini_moat, mainiacjoe_overflow_brackets,
          gup_sewer_entry_bubbles
D:7:      hellmonk_destroyed_diamonds, layout_basic, serial_shops, shop
D:8:      layout_loops_ring, mainiacjoe_overflow_alcove_1,
          minmay_fractal_squares_5
D:9:      layout_gridville, mainiacjoe_overflow_boulevard
D:10:     layout_cross, grunt_temple_overflow_opulence,
          grunt_lair_entry_orc_guard_hut, minivault_19, serial_bayou_crossing,
          uniq_nergalle, uniq_erica

Skill      XL: |  1  2  3  4  5  6  7  8  9 10 |
---------------+-------------------------------+-----
Axes           | 3 4 5 6 7 9 11 13 | 13.4
Fighting       | 4 5 7 8 9 |  9.5
Armour         | 4 5 6 7 8 |  8.8
Shields        | 4 5 6 7 8 |  8.4
Dodging        | |  0.2

Action                     |  1- 3 |  4- 6 |  7- 9 | 10-12 || total
---------------------------+-------+-------+-------+-------++-------
  Melee: Broad axe         |    72 |    83 |   267 |   113 ||   535
    Use: Scroll            |     2 |       |    15 |     6 ||    23
         Potion            |       |     1 |       |     4 ||     5
 Armour: Scale mail        |    32 |    31 |    64 |    25 ||   152
  Dodge: Dodged            |    28 |    35 |    75 |    39 ||   177
  Block: Buckler           |    32 |    50 |   152 |    71 ||   305
         Reflection        |       |     2 |     8 |     3 ||    13

Table legend: (Time is in decaauts)
 A = Elapsed time spent in this place.
 B = Non-inter-level travel time spent in this place.
 C = Inter-level travel time spent in this place.
 D = Time resting spent in this place.
 E = Time spent auto-exploring this place.
 F = Levels seen in this place.
 G = Mean time per level.
                   A        B        C        D        E       F      G
               +--------+--------+--------+--------+--------+-----+--------+
         Total |   8446 |   8198 |    248 |    725 |   5941 |  11 |  767.8 |
       Dungeon |   8090 |   7842 |    248 |    725 |   5688 |  10 |  809.0 |
         Sewer |    356 |    356 |      0 |      0 |    253 |   1 |  356.0 |
               +--------+--------+--------+--------+--------+-----+--------+

Top non-repeatable levels by time:
     D:8: 1139 daAuts
     D:3: 1125 daAuts
     D:4: 1117 daAuts
     D:9: 977 daAuts
     D:6: 899 daAuts
     D:2: 805 daAuts
     D:7: 805 daAuts
     D:1: 617 daAuts
     D:5: 570 daAuts
   Sewer: 356 daAuts
    D:10: 32 daAuts
